 Dungeon Crawl Stone Soup version 0.32-a0-306-gfed3edf829 (webtiles) character file.

Game seed: 2662156455960557878

6029 IdlyInterested the Grappler (level 10, -1/70 (71) HPs)
             Began as a Demonspawn Fighter on Feb 14, 2024.
             Killed from afar by an orc wizard (4 damage)
             ... with a magic dart
             ... on level 9 of the Dungeon.
             The game lasted 00:28:08 (7200 turns).

IdlyInterested the Grappler (Demonspawn Fighter)    Turns: 7200, Time: 00:28:09

HP:   -1/70 (71)    AC:  7    Str: 20    XL:     10   Next: 56%
MP:   0/16          EV: 12    Int:  9    God:
Gold: 363           SH: 10    Dex: 19    Spells: 9/9 levels left

rFire   . .          .
                       - Unarmed
rCold   + + +        V - +0 kite shield
rNeg    + . .        n - +4 skin of Zhor {*Englaciate rC+++ SInv}
rPois   .            (helmet restricted)
rElec   .            P - +0 cloak
rCorr   .            (no gloves)
SInv    +            (no boots)
Will    .....        (no amulet)
Stlth   ++           d - ring of positive energy
HPRegen 0.31/turn    W - +6 ring of dexterity
MPRegen 0.30/turn

%: guardian spirit
@: studying Dodging, lightly drained
A: antennae 1, claws 1, hooves 1, powered by pain 1, magic shield, magic
regeneration
a: no special abilities


You were on level 9 of the Dungeon.
You visited 2 branches of the dungeon, and saw 10 of its levels.

You collected 363 gold pieces.

Inventory:

Hand Weapons
 m - a +2 vampiric rapier
 F - the +8 rapier "Fiac Zuheuh" {heavy, rElec}
   (You found it on level 7 of the Dungeon)

   rElec:     It insulates you from electricity.
 U - a +0 scimitar of flaming
Missiles
 e - 54 stones
 q - 5 darts of dispersal
 s - a curare-tipped dart
 t - 4 atropa-tipped darts
 y - 9 poisoned darts (quivered)
 I - 2 boomerangs
Armour
 b - a +0 buckler
 n - the +4 skin of Zhor (worn) {*Englaciate rC+++ SInv}
   (You found it on level 7 of the Dungeon)

   *Englaciate: It radiates cold, occasionally slowing all nearby creatures who
   are not resistant to cold.
   rC+++:     It renders you almost immune to cold.
   SInv:      It lets you see invisible.
 P - a +0 cloak (worn)
 V - a +0 kite shield (worn)
 X - +0 steam dragon scales
Jewellery
 d - a ring of positive energy (left claw)
 f - a ring of positive energy
 K - a ring of protection from cold
 W - a +6 ring of dexterity (right claw)
Talismans
 B - a serpent talisman
Wands
 c - a wand of iceblast (10)
 v - a wand of paralysis (4)
 N - a wand of flame (27)
Scrolls
 g - 2 scrolls of silence
 h - 3 scrolls of immolation
 i - 7 scrolls of teleportation
 j - a scroll of revelation
 l - a scroll of blinking
 u - a scroll of enchant armour {unknown}
 w - a scroll of enchant weapon {unknown}
 z - 2 scrolls of vulnerability
 C - a scroll of fog
 O - 2 scrolls of poison
 R - 2 scrolls of brand weapon
Potions
 k - a potion of attraction
 o - a potion of berserk rage {unknown}
 p - a potion of degeneration {unknown}
 r - 2 potions of curing
 x - 3 potions of enlightenment
 E - a potion of lignification
 J - a potion of brilliance
 M - a potion of heal wounds {unknown}


   Skills:
 - Level 4.0 Fighting
 - Level 2.0(2.2) Short Blades
 - Level 1.4(2.0) Long Blades
 - Level 2.0 Throwing
 - Level 4.0 Armour
 - Level 3.0 Dodging
 + Level 1.4 Stealth
 - Level 3.0 Shields
 * Level 11.5 Unarmed Combat
 + Level 8.7 Invocations
 - Level 1.0 Evocations
 - Level 1.0 Shapeshifting


You had 9 spell levels left.
You didn't know any spells.
Your spell library contained the following spells:

 Spells                   Type           Power      Damage    Failure   Level
 Apportation              Tloc           0%         N/A       69%         1
 Jinxbite                 Hex            0%         N/A       83%         2
 Animate Armour           Summ/Erth      0%         N/A       100%        4
 Summon Lightning Spire   Summ/Air       0%         N/A       100%        4
 Alistair's Intoxication  Alch           0%         N/A       100%        5
 Lee's Rapid Deconstruct  Erth           0%         3d4*      100%        5


Dungeon Overview and Level Annotations

Branches:
Dungeon (9/15)             Temple (1/1) D:5
   Lair: D:8-11         Orc: D:9-12

Altars:
Ashenzari
Cheibriados
Dithmenos
Fedhas
Gozag
Hepliaklqana
Kikubaaqudgha
Makhleb
Nemelex Xobeh
Okawaru
Qazlal
Ru
Sif Muna
Trog
Uskayaw
Vehumet
Wu Jian
Xom
Yredelemnul


Innate Abilities, Weirdness & Mutations

You have a pair of small antennae on your head.
You have sharp fingernails.
You have large cloven feet.
You sometimes gain a little power by taking damage.
When hurt, damage is shared between your health and your magic reserves.
You regenerate magic rapidly.


Message History

* * * LOW HITPOINT WARNING * * *
You focus on the pain.
You feel your power returning. The orc wizard misses you.
The orc warrior unwields a +0 scimitar.
The orc warrior wields a +0 orcbow.
The orc warrior shoots an arrow.
The arrow hits you.
* * * LOW HITPOINT WARNING * * *
Unknown command.
It was a potion of cancellation.
Your magical effects are unravelling.
You feel magically purged.
You radiate an aura of cold.
The orc warrior seems to slow down.
The two-headed ogre resists.
The orc wizard seems to slow down.
The orc seems to slow down.
The orc wizard seems to slow down.
The orc warrior seems to slow down.
The orc seems to slow down.
You feel less confused.
Okay, then.
You scratch the two-headed ogre but do no damage.
You kick the two-headed ogre.
The two-headed ogre is heavily wounded.
You block the two-headed ogre's attack.
The two-headed ogre hits you but does no damage.
You block the orc wizard's attack.
You scratch the two-headed ogre.
The two-headed ogre is severely wounded.
You block the two-headed ogre's attack.
The two-headed ogre hits you with a +0 giant club!
* * * LOW HITPOINT WARNING * * *
The orc wizard closely misses you.
Unknown command.
You claw the two-headed ogre! You kick the two-headed ogre.
The two-headed ogre is almost dead.
Unknown command.
You barely miss the two-headed ogre. You kick the two-headed ogre.
The two-headed ogre is almost dead.
The two-headed ogre hits you with a +0 giant spiked club!
* * * LOW HITPOINT WARNING * * *
The two-headed ogre closely misses you.
The orc wizard gestures at you while chanting.
The magic dart hits you.
You die...

*,,,,,,,,,* *****+**** ***
****+****** ****,* *,, ** *,,*
*,,,,* **+* ,* **.#########.####
*,,, ,* *o#########.#### *,,, ,*
*o#########+#### *,,, ,*
*.######.......# *,,, ,*
*.######.......# ***,,, ,*
***.######@o.....#****,+,,,
,******,,.....ooOo.....#*,,,,*,,,
,+,,,,,,*.....oo.......+,,*****+*
,******,,.#...♣)).#....#*** *,,
** ***....♣.♣....#+## **,
*...♣.♣.♣.....## *,
*..♣.♣.♣.♣..+###** *,
*.♣.♣._.♣.♣.....,* **
******?.♣.♣.♣.♣......,* ****,


You could see a two-headed ogre, 2 orc warriors, 2 orc wizards and 2 orcs.

Vanquished Creatures
  A two-headed ogre (D:7)
  The ghost of HC7 the Ducker, a novice TrWr of Sif Muna (D:6)
  Joseph (D:7)
  Maggie (D:7)
  3 rime drakes (D:7)
  3 hornets
  A basilisk (D:8)
  A steam dragon (D:8)
  2 water moccasins
  A sky beast (D:7)
  2 ice beasts
  4 centaurs
  A kobold brigand (D:8)
  A phantom (D:7)
  4 bullfrogs
  3 scorpions (D:7)
  4 wights (D:8)
  7 killer bees
  4 quasits (D:6)
  Crazy Yiuf (D:5)
  A gnoll bouda (D:5)
  2 orc priests (D:7)
  5 hounds
  2 jellies
  2 sleepcaps (D:7)
  2 iguanas
  4 orc wizards
  3 adders
  7 gnolls
  4 shadow imps (D:7)
  2 white imps
  4 ufetubi
  A ribbon worm (D:2)
  19 orcs
  2 endoplasms
  3 giant cockroaches
  2 goblins
  3 hobgoblins
  10 jackals (D:2)
  2 quokkas (D:3)
  6 ball pythons
  3 bats
  A frilled lizard (D:1)
  10 kobolds
  4 rats
150 creatures vanquished.

Vanquished Creatures (others)
  A white imp (D:5)
1 creature vanquished.

Grand Total: 151 creatures vanquished

Notes
Turn   | Place    | Note
-------+----------+-------------------------------------------
     0 | D:1      | IdlyInterested the Demonspawn Fighter began the quest for
                  | the Orb.
     0 | D:1      | Reached XP level 1. HP: 18/18 MP: 1/1
   367 | D:1      | Gained mutation: You sometimes gain a little power by
                  | taking damage. [demonic ancestry]
   367 | D:1      | Reached XP level 2. HP: 22/24 MP: 2/2
  1000 | D:2      | Reached skill level 1 in Dodging
  1030 | D:2      | Discovered your monstrous ancestry.
  1030 | D:2      | Gained mutation: You have sharp fingernails. [demonic
                  | ancestry]
  1030 | D:2      | Reached XP level 3. HP: 30/30 MP: 3/3
  1246 | D:2      | Reached skill level 2 in Unarmed Combat
  1777 | D:2      | Found an opulent altar of Gozag.
  1864 | D:2      | Reached skill level 1 in Throwing
  1966 | D:3      | Identified a scroll of acquirement
  2011 | D:3      | Reached XP level 4. HP: 37/37 MP: 4/4
  2086 | D:3      | Found a faded altar of an unknown god.
  2163 | D:3      | Found a basalt altar of Yredelemnul.
  2352 | D:3      | Found a stormy altar of Qazlal.
  2352 | D:3      | Found a sparkling altar of Nemelex Xobeh.
  2556 | D:4      | You fall into a shaft and drop 3 floors!
  2560 | D:7      | Identified the +8 rapier "Fiac Zuheuh" {heavy, rElec}
  2621 | D:6      | Found a transporter.
  2629 | D:6      | Found a transporter.
  2640 | D:6      | Noticed a centaur
  2658 | D:6      | Killed a centaur
  2659 | D:6      | Reached skill level 1 in Stealth
  2659 | D:6      | Reached skill level 3 in Unarmed Combat
  2659 | D:6      | Reached XP level 5. HP: 26/42 MP: 3/5
  2723 | D:5      | Entered Level 5 of the Dungeon
  2751 | D:5      | Reached skill level 4 in Unarmed Combat
  2848 | D:5      | Noticed an ice beast
  2851 | D:5      | Reached skill level 1 in Shapeshifting
  2866 | D:5      | Killed an ice beast
  2867 | D:5      | Reached skill level 1 in Evocations
  2867 | D:5      | Gained mutation: You have large cloven feet. [demonic
                  | ancestry]
  2867 | D:5      | Reached XP level 6. HP: 20/48 MP: 2/6
  2890 | D:5      | Reached skill level 5 in Unarmed Combat
  2927 | D:5      | Found a staircase to the Ecumenical Temple.
  2950 | Temple   | Entered the Ecumenical Temple
  3066 | D:4      | Found a blossoming altar of Fedhas.
  3173 | D:4      | Gained mutation: You have a pair of small antennae on your
                  | head. [demonic ancestry]
  3173 | D:4      | Reached XP level 7. HP: 54/54 MP: 7/7
  4137 | D:5      | Found a runed translucent door.
  4138 | D:5      | Noticed Crazy Yiuf
  4148 | D:5      | Killed Crazy Yiuf
  4279 | D:6      | Reached skill level 6 in Unarmed Combat
  4554 | D:6      | Noticed HC7's ghost (novice TrWr)
  4908 | D:6      | Killed HC7's ghost
  4909 | D:6      | Reached skill level 8 in Unarmed Combat
  4909 | D:6      | Gained mutation: You regenerate magic rapidly. [demonic
                  | ancestry]
  4909 | D:6      | Reached XP level 8. HP: 39/60 MP: 5/8
  4914 | D:6      | Reached skill level 1 in Invocations
  5077 | D:7      | Noticed a rime drake
  5104 | D:7      | Noticed Joseph
  5128 | D:7      | Killed Joseph
  5269 | D:7      | Noticed a hornet
  5275 | D:7      | Killed a hornet
  5276 | D:7      | Reached skill level 9 in Unarmed Combat
  5276 | D:7      | Reached XP level 9. HP: 65/65 MP: 11/11
  5277 | D:7      | Noticed a rime drake
  5278 | D:7      | Noticed a rime drake
  5389 | D:7      | Found a shimmering altar of Xom.
  5410 | D:7      | Noticed a two-headed ogre
  5418 | D:7      | Killed a two-headed ogre
  5419 | D:7      | Reached skill level 5 in Invocations
  5601 | D:7      | Noticed Maggie
  5617 | D:7      | Killed Maggie
  5618 | D:7      | Reached skill level 10 in Unarmed Combat
  5774 | D:7      | Gained mutation: When hurt, damage is shared between your
                  | health and your magic reserves. [demonic ancestry]
  5774 | D:7      | Reached XP level 10. HP: 50/71 MP: 15/15
  5872 | D:7      | Reached skill level 1 in Short Blades
  5932 | D:7      | Reached skill level 11 in Unarmed Combat
  5972 | D:7      | Found the +4 skin of Zhor {*Englaciate rC+++ SInv}
  6177 | D:7      | Acquired a manual of Dodging
  6183 | D:8      | Found a hide-covered altar of Uskayaw.
  6377 | D:8      | Reached skill level 1 in Long Blades
  7180 | D:9      | Noticed a two-headed ogre
  7181 | D:9      | Found an iron altar of Okawaru.
  7200 | D:9      | HP: 3/70 [two-headed ogre/+0 giant spiked club (4)]
  7200 | D:9      | Killed from afar by an orc wizard

Illustrated notes

Levels and vault maps discovered:
D:1:      arrival_zaba_pyramid, layout_loops_ring
D:2:      layout_loops_ring, basic_altar, kennysheep_generic_room_7
D:3:      layout_rooms, mainiacjoe_overflow_brackets, zin_statuary,
          nicolae_overflow_two_pavilions, shapermc_ecumenical_altar_ellora
D:4:      layout_loops_ring, fedhas_altar_3
D:5:      layout_cave_pools, minmay_temple_entry_waves, lemuel_flamethrower_2,
          uniq_crazy_yiuf_cottage
D:6:      layout_loops_ring, gammafunk_ghost_stat_death
D:7:      minmay_clustersquares, layout_rooms, xom_butterflies,
          hellmonk_guarded_unrand_zhor, uniq_maggie, uniq_joseph
D:8:      layout_rooms, nicolae_uskayaw_dance_studio
D:9:      layout_roguey, okawaru_trees_2, enter_bailey_5
Temple:   nicolae_temple_bog_church

Skill      XL: |  1  2  3  4  5  6  7  8  9 10 |
---------------+-------------------------------+-----
Armour         | 3 4 |  4.0
Dodging        | 1 2 3 |  3.0
Unarmed Combat | 2 3 4 5 8 9 10 11 | 11.5
Throwing       | 1 2 |  2.0
Stealth        | 1 |  1.4
Shapeshifting  | 1 |  1.0
Evocations     | 1 |  1.0
Fighting       | 4 |  4.0
Shields        | 3 |  3.0
Invocations    | 3 7 8 |  8.7
Short Blades   | 2 |  2.0
Long Blades    | 1 |  1.4

Action                     |  1- 3 |  4- 6 |  7- 9 | 10-12 || total
---------------------------+-------+-------+-------+-------++-------
  Melee: Unarmed           |    35 |   116 |   233 |   113 ||   497
         Rapier            |   104 |       |       |       ||   104
         Punch             |       |     4 |       |       ||     4
         Kick              |       |     8 |    64 |    31 ||   103
  Throw: Stone             |       |       |     6 |       ||     6
         Dart              |       |       |    17 |     1 ||    18
    Use: Scroll            |     6 |     1 |     3 |     3 ||    13
         Potion            |       |     2 |     5 |     2 ||     9
   Stab: Distracted        |       |       |     1 |       ||     1
         Sleeping          |       |       |       |     1 ||     1
 Armour: Scale mail        |    94 |   102 |    17 |       ||   213
         Chain mail        |       |       |   182 |       ||   182
         Steam dragon scal |       |       |    26 |    10 ||    36
         Animal skin       |       |       |       |    49 ||    49
  Dodge: Dodged            |    74 |    66 |   119 |    48 ||   307
  Block: Buckler           |    24 |       |    38 |       ||    62
         Kite shield       |       |       |    34 |    50 ||    84

Table legend: (Time is in decaauts)
 A = Elapsed time spent in this place.
 B = Non-inter-level travel time spent in this place.
 C = Inter-level travel time spent in this place.
 D = Time resting spent in this place.
 E = Time spent auto-exploring this place.
 F = Levels seen in this place.
 G = Mean time per level.
                   A        B        C        D        E       F      G
               +--------+--------+--------+--------+--------+-----+--------+
         Total |   7183 |   6695 |    488 |   1087 |   3846 |  10 |  718.3 |
       Dungeon |   7182 |   6694 |    488 |   1087 |   3846 |   9 |  798.0 |
        Temple |      1 |      1 |      0 |      0 |      0 |   1 |    1.0 |
               +--------+--------+--------+--------+--------+-----+--------+

Top non-repeatable levels by time:
     D:7: 1128 daAuts
     D:2: 986 daAuts
     D:8: 985 daAuts
     D:1: 971 daAuts
     D:6: 964 daAuts
     D:5: 906 daAuts
     D:4: 656 daAuts
     D:3: 563 daAuts
     D:9: 18 daAuts
  Temple: 1 daAuts
